[Event "17th Memorial Lezcano Montalvo 2025"]
[Site "Gran Canaria"]
[Date "2025.04.15"]
[Round "4.20"]
[White "Gonzalez Perdomo, Sergio"]
[Black "Moreno Diepa, Diego"]
[Result "0-1"]
[Annotator "RC"]
[ECO "D05"]
[WhiteElo "1880"]
[BlackElo "2243"]
[PlyCount "82"]
[EventDate "2025.04.13"]
[EventType "swiss"]
[EventCountry "ESP"]
[SourceTitle "playchess.com"]
[Source "ChessBase"]
[SourceQuality "1"]
[TimeControl "5400+30"]

1. d4 Nf6 2. Nf3 e6 3. e3 d5 4. Bd3 c5 5. b3 Nc6 6. Bb2 cxd4 7. exd4 Be7 8. Nbd2 O-O 9. a3 a5 10. O-O Bd7 11. c4 Rc8 12. Rc1 Ne8 13. Qe2 g6 14. Rfe1 Bf6 15. Ne5 Bg7 16. Ndf3 Nd6 17. Bb1 Be8 18. h3 Kh8 19. g4 f5 20. Qe3 Ne4 21. Nd2 Qh4 22. Nxe4 fxe4 23. Qg3 Qe7 24. cxd5 exd5 25. Rcd1 Nxe5 26. dxe5 Rf3 27. Qh2 Bc6 28. Re3 Rcf8 29. Rxf3 Rxf3 30. Bc2 Qc5 31. Rd2 e3 32. Re2 Bb5 33. Rxe3 Qxc2 34. Rxf3 Qb1+ 35. Kg2 Bf1+ 36. Kg3 Qxb2 37. Kh4 Bxe5 38. Qg1 Qc1 39. g5 h5 40. Rf7 Kg8 41. Qh1 Qd1 0-1

[Event "17th Memorial Lezcano Montalvo 2025"]
[Site "Gran Canaria"]
[Date "2025.04.15"]
[Round "4.21"]
[White "Rodriguez Avila, Alvaro"]
[Black "Ramirez Maillo, Juan Adonay"]
[Result "1-0"]
[Annotator "RC"]
[ECO "B55"]
[WhiteElo "2212"]
[BlackElo "1956"]
[PlyCount "93"]
[EventDate "2025.04.13"]
[EventType "swiss"]
[EventCountry "ESP"]
[SourceTitle "playchess.com"]
[Source "ChessBase"]
[SourceQuality "1"]
[TimeControl "5400+30"]

1. e4 c5 2. Nf3 d6 3. d4 cxd4 4. Nxd4 Nf6 5. f3 e5 6. Nb3 d5 7. Bg5 Be6 8. exd5 Qxd5 9. N1d2 Nc6 10. Bxf6 gxf6 11. Ne4 Bb4+ 12. c3 Be7 13. Qxd5 Bxd5 14. O-O-O O-O-O 15. Bd3 a5 16. Bb5 Kc7 17. Kb1 b6 18. Ng3 Be6 19. Bd3 h5 20. Be4 a4 21. Nc1 b5 22. a3 Bc5 23. Rxd8 Nxd8 24. Nd3 Ba7 25. Nb4 h4 26. Nf5 Bc5 27. Nd5+ Bxd5 28. Bxd5 Rh5 29. Ng7 Rg5 30. Ne8+ Kb6 31. Nxf6 Be7 32. Ng4 f5 33. Ne3 Bc5 34. Re1 Kc7 35. Nc2 Kd6 36. f4 exf4 37. Rd1 Ke5 38. Ne1 Rg7 39. Nf3+ Kf6 40. Nxh4 Bf2 41. Nf3 Rxg2 42. Rd2 Ke7 43. Kc2 Kf6 44. b3 axb3+ 45. Kxb3 Ne6 46. Bxe6 Kxe6 47. Kb4 1-0

[Event "17th Memorial Lezcano Montalvo 2025"]
[Site "Gran Canaria"]
[Date "2025.04.15"]
[Round "4.22"]
[White "Paquico Rodriguez, Ivan"]
[Black "Blanco Barros, Juan Carlos"]
[Result "1-0"]
[Annotator "RC"]
[ECO "A48"]
[WhiteElo "2202"]
[BlackElo "1941"]
[PlyCount "137"]
[EventDate "2025.04.13"]
[EventType "swiss"]
[EventCountry "ESP"]
[SourceTitle "playchess.com"]
[Source "ChessBase"]
[SourceQuality "1"]
[TimeControl "5400+30"]

1. Nf3 Nf6 2. b3 g6 3. Bb2 Bg7 4. e3 d6 5. d4 Nbd7 6. Be2 O-O 7. O-O Qe8 8. c4 e5 9. dxe5 dxe5 10. Nc3 Qe7 11. Nb5 c6 12. Ba3 Nc5 13. Nc3 Re8 14. Na4 Nfd7 15. e4 Bf8 16. Qc2 Qf6 17. Nxc5 Bxc5 18. b4 Bb6 19. c5 Bc7 20. Bc1 Nf8 21. Bg5 Qg7 22. Rfd1 h6 23. Be3 g5 24. Nd2 Be6 25. Bc4 Rad8 26. a4 Qf6 27. b5 Bxc4 28. Nxc4 Rxd1+ 29. Rxd1 Qe7 30. Nd6 Bxd6 31. cxd6 Qd7 32. bxc6 bxc6 33. Qc5 a6 34. Qb6 Ra8 35. Qa5 f6 36. Qb6 Kf7 37. a5 Ke8 38. Qb3 Ne6 39. Bb6 Kf8 40. Qh3 Kg7 41. Qg4 Rc8 42. Qe2 Ra8 43. g3 Kg6 44. Qg4 Rg8 45. h4 Kg7 46. h5 Kf7 47. Rd2 Rc8 48. Qe2 Ra8 49. Qc4 Kf8 50. Qd3 Kg7 51. Be3 Nf8 52. Rb2 Qc8 53. Qb1 Nd7 54. Qa2 Rb8 55. Rc2 Rb5 56. Kg2 c5 57. Qe6 Qb7 58. Kh2 Rb1 59. Qe7+ Kg8 60. Qe6+ Kg7 61. Bc1 Qb5 62. Rc3 Qa4 63. Qe7+ Kg8 64. Qe8+ Kg7 65. Qg6+ Kf8 66. Qxh6+ Kf7 67. Qh7+ Kf8 68. Qe7+ Kg8 69. h6 1-0

[Event "17th Memorial Lezcano Montalvo 2025"]
[Site "Gran Canaria"]
[Date "2025.04.15"]
[Round "4.23"]
[White "Ludishev, Artem"]
[Black "Garcia Brion, Eduardo"]
[Result "1/2-1/2"]
[Annotator "RC"]
[ECO "B15"]
[WhiteElo "1874"]
[BlackElo "2171"]
[PlyCount "115"]
[EventDate "2025.04.13"]
[EventType "swiss"]
[EventCountry "ESP"]
[SourceTitle "playchess.com"]
[Source "ChessBase"]
[SourceQuality "1"]
[TimeControl "5400+30"]

1. e4 c6 2. d4 d5 3. f3 g6 4. Nc3 Bg7 5. Be3 dxe4 6. fxe4 Nf6 7. Nf3 O-O 8. h3 b5 9. Bd3 Bb7 10. Qd2 Nbd7 11. e5 b4 12. exf6 bxc3 13. bxc3 Nxf6 14. Rb1 Qc8 15. O-O c5 16. Rb5 cxd4 17. cxd4 Ne4 18. Qa5 Nd6 19. Rc5 Qe6 20. Ne5 Rfc8 21. Rxc8+ Rxc8 22. Re1 Ra8 23. c4 Nf5 24. Bf2 Qd6 25. c5 Qd8 26. Qxd8+ Rxd8 27. c6 Bc8 28. Bc4 e6 29. c7 Re8 30. Nc6 Bb7 31. Nxa7 Nd6 32. Bd3 Ra8 33. Nb5 Nc8 34. Bc4 Kf8 35. Bg3 Ra4 36. Bb3 Bxd4+ 37. Kh2 Rb4 38. Rd1 Bb6 39. Nd6 Bxc7 40. Nxc8 Bxg3+ 41. Kxg3 h5 42. Nd6 h4+ 43. Kh2 Ba6 44. Nc4 Bxc4 45. Rd4 Bxb3 46. Rxb4 Bxa2 47. Rxh4 Kg7 48. Ra4 Bd5 49. h4 f5 50. Kg3 Kf6 51. Ra6 g5 52. hxg5+ Kxg5 53. Ra4 Be4 54. Kf2 Bd5 55. g3 Be4 56. Rb4 Bd5 57. Ke3 Be4 58. Ra4 1/2-1/2

[Event "17th Memorial Lezcano Montalvo 2025"]
[Site "Gran Canaria"]
[Date "2025.04.15"]
[Round "4.24"]
[White "Marrero Cardenes, Agustin"]
[Black "Ramos Santana, Marcelino"]
[Result "1-0"]
[Annotator "RC"]
[ECO "A85"]
[WhiteElo "2163"]
[BlackElo "1903"]
[PlyCount "45"]
[EventDate "2025.04.13"]
[EventType "swiss"]
[EventCountry "ESP"]
[SourceTitle "playchess.com"]
[Source "ChessBase"]
[SourceQuality "1"]
[TimeControl "5400+30"]

1. d4 f5 2. c4 e6 3. Nc3 Nf6 4. e3 Bb4 5. Bd2 O-O 6. Bd3 Nc6 7. Nge2 b6 8. Qc2 Bb7 9. O-O Qe8 10. f3 Ne7 11. e4 g6 12. Bh6 Rf7 13. Nb5 Qd8 14. a3 a6 15. Nxc7 Qxc7 16. axb4 Kh8 17. Bf4 Qd8 18. d5 Rc8 19. Qc3 Kg8 20. Qd4 Nh5 21. Bg5 h6 22. Bxh6 Rh7 23. Bg5 1-0

[Event "17th Memorial Lezcano Montalvo 2025"]
[Site "Gran Canaria"]
[Date "2025.04.15"]
[Round "4.25"]
[White "Henriquez Garcia, David"]
[Black "Garcia Padron, Juan"]
[Result "1-0"]
[Annotator "RC"]
[ECO "A07"]
[WhiteElo "1869"]
[BlackElo "2155"]
[PlyCount "123"]
[EventDate "2025.04.13"]
[EventType "swiss"]
[EventCountry "ESP"]
[SourceTitle "playchess.com"]
[Source "ChessBase"]
[SourceQuality "1"]
[TimeControl "5400+30"]

1. Nf3 d5 2. g3 Bg4 3. Bg2 Nd7 4. c4 e6 5. cxd5 exd5 6. O-O c6 7. d4 Ngf6 8. Nc3 Bd6 9. Qc2 O-O 10. Nh4 Qb6 11. Be3 Rfe8 12. Rad1 Bb4 13. a3 Bxc3 14. bxc3 Qa6 15. Rd3 Bh5 16. f3 Bg6 17. Nxg6 hxg6 18. Bc1 Rac8 19. Re1 c5 20. e4 cxd4 21. Rxd4 dxe4 22. fxe4 Ne5 23. Red1 Qe6 24. h3 b6 25. g4 Kh7 26. Bf4 Rc5 27. Rd6 Qc8 28. Qf2 Kg8 29. g5 Nfd7 30. Qd4 Nf8 31. Rd8 Rxd8 32. Qxd8 Qxd8 33. Rxd8 f6 34. gxf6 gxf6 35. Bh6 Ned7 36. c4 Re5 37. Ra8 a5 38. Kf2 Kf7 39. Ke3 Ne6 40. Bf4 Nxf4 41. Kxf4 g5+ 42. Ke3 Ke7 43. Kd4 Kd6 44. Bf3 Rc5 45. Rd8 Ke7 46. Rh8 Ne5 47. Be2 Nc6+ 48. Ke3 Re5 49. Bg4 b5 50. Rh7+ Kf8 51. Bd7 Kg8 52. Bxc6 Kxh7 53. cxb5 Rc5 54. Kd4 Rc1 55. Kd5 Ra1 56. b6 Rxa3 57. Kc4 Ra1 58. b7 Rc1+ 59. Kb5 Rb1+ 60. Kxa5 Rxb7 61. Bxb7 Kg6 62. Bc8 1-0

[Event "17th Memorial Lezcano Montalvo 2025"]
[Site "Gran Canaria"]
[Date "2025.04.15"]
[Round "4.26"]
[White "Bethencourt Hernandez, Alberto"]
[Black "Garcia Rodriguez, Adriana"]
[Result "1-0"]
[Annotator "RC"]
[ECO "C14"]
[WhiteElo "2122"]
[BlackElo "1893"]
[PlyCount "67"]
[EventDate "2025.04.13"]
[EventType "swiss"]
[EventCountry "ESP"]
[SourceTitle "playchess.com"]
[Source "ChessBase"]
[SourceQuality "1"]
[TimeControl "5400+30"]

1. e4 e6 2. d4 d5 3. Nc3 Nf6 4. Bg5 Be7 5. e5 Nfd7 6. h4 h6 7. Bxe7 Qxe7 8. f4 a6 9. Qg4 O-O 10. O-O-O b5 11. Qh5 f6 12. Bd3 c5 13. Qg6 f5 14. g4 c4 15. Nxd5 exd5 16. Bxf5 Rxf5 17. gxf5 Nf8 18. Qg2 Kh7 19. e6 a5 20. Nf3 a4 21. Rdg1 a3 22. Ng5+ Kg8 23. Nf7 axb2+ 24. Kb1 Qf6 25. Qxd5 Ra5 26. Nd6 Bxe6 27. fxe6 Qxe6 28. Qxe6+ Nxe6 29. f5 Nxd4 30. f6 Ra7 31. f7+ Kf8 32. Re1 Re7 33. Rxe7 Kxe7 34. Re1+ 1-0

[Event "17th Memorial Lezcano Montalvo 2025"]
[Site "Gran Canaria"]
[Date "2025.04.15"]
[Round "4.27"]
[White "Ramirez Maillo, Cristian"]
[Black "Alonso Perez, Alfredo"]
[Result "1-0"]
[Annotator "RC"]
[ECO "C42"]
[WhiteElo "2106"]
[BlackElo "1853"]
[PlyCount "74"]
[EventDate "2025.04.13"]
[EventType "swiss"]
[EventCountry "ESP"]
[SourceTitle "playchess.com"]
[Source "ChessBase"]
[SourceQuality "1"]
[TimeControl "5400+30"]

1. e4 e5 2. Nf3 Nf6 3. Nxe5 d6 4. Nf3 Nxe4 5. Nc3 Nf6 6. d4 Be7 7. Bd3 O-O 8. Be3 Re8 9. Qd2 c6 10. O-O-O b5 11. Kb1 Nbd7 12. h4 Nb6 13. Bg5 Nc4 14. Qf4 Nh5 15. Qe4 g6 16. Bxc4 bxc4 17. Qxc6 Bd7 18. Qa6 Bc8 19. Qxc4 Be6 20. d5 Rc8 21. Qd4 Bd7 22. Ne4 f6 23. Bd2 Bf8 24. Bc3 Bg7 25. Nxd6 f5 26. Qxa7 Rc7 27. Qb6 Rxc3 28. Qxd8 Rxd8 29. bxc3 Rb8+ 30. Kc1 Bxc3 31. Rd3 Bb4 32. Nc4 Bb5 33. Nfe5 Nf4 34. Rb3 Ne2+ 35. Kb1 Nc3+ 36. Kb2 Nxd5 37. Rd1 Nc3 1-0

[Event "17th Memorial Lezcano Montalvo 2025"]
[Site "Gran Canaria"]
[Date "2025.04.15"]
[Round "4.28"]
[White "Bangiev, Katharina"]
[Black "Halldorsson, Halldor"]
[Result "0-1"]
[Annotator "RC"]
[ECO "B70"]
[WhiteElo "1848"]
[BlackElo "2103"]
[PlyCount "68"]
[EventDate "2025.04.13"]
[EventType "swiss"]
[EventCountry "ESP"]
[SourceTitle "playchess.com"]
[Source "ChessBase"]
[SourceQuality "1"]
[TimeControl "5400+30"]

1. e4 c5 2. Nf3 g6 3. d4 cxd4 4. Nxd4 Nc6 5. g3 Bg7 6. Ne2 Nf6 7. Bg2 d6 8. h3 Bd7 9. Nbc3 Rb8 10. a4 O-O 11. O-O Nb4 12. Be3 a5 13. f4 Qc8 14. Kh2 Bc6 15. Nd4 e5 16. Nxc6 Qxc6 17. Qd2 Rbd8 18. Qf2 exf4 19. Bxf4 Nh5 20. e5 d5 21. Rae1 Qc4 22. Bg5 Rde8 23. Bf6 Bh6 24. Rd1 Nxf6 25. exf6 Be3 26. Qf3 d4 27. Nd5 Nxd5 28. Qxd5 Qxc2 29. Qb5 h5 30. Kh1 Qc7 31. Rf3 Re5 32. Qe2 h4 33. g4 Bg1 34. Qd2 Re1 0-1

[Event "17th Memorial Lezcano Montalvo 2025"]
[Site "Gran Canaria"]
[Date "2025.04.15"]
[Round "4.29"]
[White "Blanco Garcia Bajo, David"]
[Black "Pace, Gabriele"]
[Result "1-0"]
[Annotator "RC"]
[ECO "B00"]
[WhiteElo "2098"]
[BlackElo "1895"]
[PlyCount "83"]
[EventDate "2025.04.13"]
[EventType "swiss"]
[EventCountry "ESP"]
[SourceTitle "playchess.com"]
[Source "ChessBase"]
[SourceQuality "1"]
[TimeControl "5400+30"]

1. e4 e6 2. d4 b6 3. Nf3 Bb7 4. Bd3 d5 5. e5 c5 6. c3 Ne7 7. h4 Nbc6 8. Na3 a5 9. Nb5 Nc8 10. Ng5 Qd7 11. Nxh7 Ba6 12. Nxf8 Kxf8 13. Na3 Bxd3 14. Qxd3 cxd4 15. cxd4 Nb4 16. Qe2 Ne7 17. g4 Nec6 18. Be3 Qe7 19. h5 Qd7 20. Kd2 Ke7 21. Nb5 Rac8 22. Rhc1 Na7 23. Nc3 Nbc6 24. g5 b5 25. g6 Nxe5 26. Bg5+ f6 27. Qxe5 fxg5 28. Qxg7+ Kd6 29. Qe5+ Kc6 30. Na4+ Kb7 31. Nc5+ Rxc5 32. Qxh8 Rxc1 33. Rxc1 Qd6 34. Qg7+ Ka6 35. Qc7 Qb4+ 36. Qc3 Qf8 37. Qe3 e5 38. Qxe5 Qxf2+ 39. Kd3 Qf3+ 40. Kc2 Nc6 41. Qe6 Kb7 42. Qf7+ 1-0

[Event "17th Memorial Lezcano Montalvo 2025"]
[Site "Gran Canaria"]
[Date "2025.04.15"]
[Round "4.30"]
[White "Roca Marrero, Fernando"]
[Black "Hu, Jiani"]
[Result "0-1"]
[Annotator "RC"]
[ECO "A48"]
[WhiteElo "1617"]
[BlackElo "2091"]
[PlyCount "42"]
[EventDate "2025.04.13"]
[EventType "swiss"]
[EventCountry "ESP"]
[SourceTitle "playchess.com"]
[Source "ChessBase"]
[SourceQuality "1"]
[TimeControl "5400+30"]

1. d4 Nf6 2. Nf3 g6 3. c3 Bg7 4. Nbd2 d5 5. h3 O-O 6. e3 b6 7. Bd3 Bb7 8. O-O Nbd7 9. Re1 c5 10. Qc2 Rc8 11. a4 Qc7 12. a5 Rfd8 13. Nf1 e5 14. axb6 axb6 15. Ba6 Ra8 16. dxe5 Nxe5 17. Nxe5 Qxe5 18. f4 Qc7 19. f5 Bxa6 20. fxg6 hxg6 21. Nh2 Bd3 0-1

[Event "17th Memorial Lezcano Montalvo 2025"]
[Site "Gran Canaria"]
[Date "2025.04.15"]
[Round "4.31"]
[White "Cruz Ramirez, Nauzet"]
[Black "Oramas Medina, Miguel"]
[Result "1-0"]
[Annotator "NA RC"]
[ECO "D18"]
[WhiteElo "2076"]
[BlackElo "1796"]
[PlyCount "57"]
[EventDate "2025.04.13"]
[EventType "swiss"]
[EventCountry "ESP"]
[SourceTitle "playchess.com"]
[Source "ChessBase"]
[SourceQuality "1"]
[TimeControl "5400+30"]

1. d4 d5 2. c4 c6 3. Nc3 Nf6 4. Nf3 dxc4 5. a4 Bf5 6. e3 e6 7. Bxc4 Bb4 8. O-O O-O 9. Bd3 Bxd3 10. Qxd3 c5 11. Na2 Qb6 12. Nxb4 cxb4 13. a5 Qa6 14. Qb3 b6 15. Qxb4 Nc6 16. Qa4 bxa5 17. Bd2 Rfb8 18. Rfc1 Ne7 19. b4 Rb5 20. bxa5 Rab8 21. Qc4 Ne4 22. Be1 Qb7 23. a6 Qb6 24. Ne5 Qd6 25. Qc7 Qxc7 26. Rxc7 Nc8 27. Nc6 Ra8 28. Rxc8+ Rxc8 29. Ne7+ 1-0

[Event "17th Memorial Lezcano Montalvo 2025"]
[Site "Gran Canaria"]
[Date "2025.04.15"]
[Round "4.32"]
[White "Delgado Armas, Francisco David"]
[Black "Sukhodolskyi, Oleksii"]
[Result "0-1"]
[Annotator "RC"]
[ECO "C47"]
[WhiteElo "1608"]
[BlackElo "2070"]
[PlyCount "78"]
[EventDate "2025.04.13"]
[EventType "swiss"]
[EventCountry "ESP"]
[SourceTitle "playchess.com"]
[Source "ChessBase"]
[SourceQuality "1"]
[TimeControl "5400+30"]

1. e4 e5 2. Nf3 Nf6 3. Nc3 Nc6 4. d4 exd4 5. Nxd4 Bb4 6. Bg5 Qe7 7. f3 Qc5 8. Bxf6 Bxc3+ 9. bxc3 Qxc3+ 10. Kf2 gxf6 11. Nf5 Qc5+ 12. Ne3 d6 13. Bd3 Ne5 14. Re1 Rg8 15. Rb1 c6 16. h3 Ng6 17. Kf1 Nf4 18. Qd2 Qg5 19. Ng4 h5 20. h4 Qxh4 21. Qxf4 hxg4 22. Qxd6 gxf3 23. gxf3 Qh3+ 24. Ke2 Qe6 25. Qc7 Qe5 26. Rxb7 Bxb7 27. Qxb7 Rg2+ 28. Kf1 Qh2 29. Qxa8+ Ke7 30. Qb7+ Kf8 31. Qb8+ Qxb8 32. Kxg2 Qb2 33. a4 c5 34. Re2 Qc3 35. Kg3 c4 36. Re3 cxd3 37. cxd3 Qd4 38. Kf4 Qe5+ 39. Kg4 Qg5+ 0-1

[Event "17th Memorial Lezcano Montalvo 2025"]
[Site "Gran Canaria"]
[Date "2025.04.15"]
[Round "4.33"]
[White "Sosa Suarez, Carla Cristina"]
[Black "Fernandez Hernandez, Javier"]
[Result "1-0"]
[Annotator "NA RC"]
[ECO "B18"]
[WhiteElo "2056"]
[BlackElo "1689"]
[PlyCount "81"]
[EventDate "2025.04.13"]
[EventType "swiss"]
[EventCountry "ESP"]
[SourceTitle "playchess.com"]
[Source "ChessBase"]
[SourceQuality "1"]
[TimeControl "5400+30"]

1. e4 c6 2. d4 d5 3. Nc3 dxe4 4. Nxe4 Bf5 5. Ng3 Bg6 6. h4 h5 7. Nf3 Nd7 8. Bd3 Bxd3 9. Qxd3 Ngf6 10. Bd2 Qc7 11. O-O-O O-O-O 12. Ng5 e6 13. Qe2 Nb6 14. Ba5 Rd5 15. Be1 Bd6 16. c4 Bf4+ 17. Kb1 Rd7 18. Nf3 c5 19. b3 Rhd8 20. Bc3 Bxg3 21. fxg3 cxd4 22. Bxd4 Qxg3 23. Kb2 Qg4 24. Bxf6 Rxd1 25. Rxd1 Rxd1 26. Bc3 Rd7 27. Qf2 Qf4 28. Be5 Qe4 29. Qc5+ Qc6 30. Qf8+ Rd8 31. Qxf7 Nd7 32. Bxg7 Nc5 33. Bf6 Rd7 34. Qg8+ Kc7 35. Nd4 Qe4 36. Nb5+ Kb6 37. Bd8+ Kc6 38. Nxa7+ Kd6 39. Qf8+ Ke5 40. Qxc5+ Kf4 41. Qg5# 1-0

[Event "17th Memorial Lezcano Montalvo 2025"]
[Site "Gran Canaria"]
[Date "2025.04.15"]
[Round "4.35"]
[White "Roquero Redondo, Miguel"]
[Black "Martinez Correa, Rafael"]
[Result "1/2-1/2"]
[Annotator "RC"]
[ECO "B33"]
[WhiteElo "2037"]
[BlackElo "1719"]
[PlyCount "93"]
[EventDate "2025.04.13"]
[EventType "swiss"]
[EventCountry "ESP"]
[SourceTitle "playchess.com"]
[Source "ChessBase"]
[SourceQuality "1"]
[TimeControl "5400+30"]

1. e4 c5 2. Nf3 Nc6 3. Nc3 Nf6 4. d4 cxd4 5. Nxd4 e5 6. Ndb5 d6 7. Nd5 Nxd5 8. exd5 Ne7 9. c4 Ng6 10. Qa4 Bd7 11. Qb4 Qb8 12. h4 a6 13. Nc3 h5 14. Be2 Be7 15. a3 Qc7 16. Be3 Bg4 17. Qa4+ Qd7 18. f3 Bf5 19. Rc1 Rc8 20. Kd2 Bf6 21. g4 hxg4 22. fxg4 Qxa4 23. Nxa4 Be4 24. g5 Be7 25. Rh3 Rxh4 26. Rxh4 Nxh4 27. Rf1 Nf5 28. Rg1 Nxe3 29. Kxe3 Bf5 30. Bd3 Bxd3 31. Kxd3 b5 32. cxb5 axb5 33. Nc3 Rb8 34. Ne4 Kd7 35. Rf1 Rf8 36. Kc3 f5 37. gxf6 gxf6 38. Rf5 Rc8+ 39. Kd3 Rc4 40. Nxf6+ Bxf6 41. Rxf6 Rd4+ 42. Ke3 Rxd5 43. Rf7+ Kc6 44. Rf8 Rd1 45. Rc8+ Kb7 46. Rc2 Rd4 47. Rh2 1/2-1/2

[Event "17th Memorial Lezcano Montalvo 2025"]
[Site "Gran Canaria"]
[Date "2025.04.15"]
[Round "4.36"]
[White "Torres Rebolledo, Marcos"]
[Black "Macias Reyes, Jose Luis"]
[Result "1/2-1/2"]
[Annotator "RC"]
[ECO "D13"]
[WhiteElo "2010"]
[BlackElo "1674"]
[PlyCount "109"]
[EventDate "2025.04.13"]
[EventType "swiss"]
[EventCountry "ESP"]
[SourceTitle "playchess.com"]
[Source "ChessBase"]
[SourceQuality "1"]
[TimeControl "5400+30"]

1. d4 d5 2. c4 c6 3. Nc3 Nf6 4. cxd5 cxd5 5. Bf4 Nc6 6. e3 a6 7. Bd3 e6 8. Nf3 Bd6 9. Ne5 O-O 10. O-O Bxe5 11. Bxe5 Nxe5 12. dxe5 Nd7 13. f4 Qb6 14. Qd2 f5 15. Na4 Qa7 16. Rfc1 b5 17. Nc3 Nb6 18. b3 Bd7 19. Ne2 Rac8 20. Nd4 Na8 21. Kf2 Qb6 22. Qe2 Nc7 23. a3 g6 24. Qd2 Kf7 25. Rc2 Na8 26. a4 b4 27. a5 Qb7 28. Qe2 Rxc2 29. Nxc2 Nc7 30. Qe1 Rb8 31. Be2 Bb5 32. Bxb5 Qxb5 33. Qd2 Qc5 34. Nd4 Nb5 35. Nxb5 Qxb5 36. Ra4 Qc5 37. Qd3 Rb5 38. Qd4 Rxa5 39. Rxa5 Qxa5 40. Qa7+ Ke8 41. Qb8+ Kf7 42. Qb7+ Kg8 43. Qe7 Qa1 44. Qxe6+ Kg7 45. Qxd5 Qb2+ 46. Kf3 Qc1 47. Qd4 Qf1+ 48. Kg3 Qe1+ 49. Kh3 Qe2 50. Kg3 Qe1+ 51. Kh3 Qe2 52. e6+ Kh6 53. Kg3 Qe1+ 54. Kh3 Qe2 55. Kg3 1/2-1/2

[Event "17th Memorial Lezcano Montalvo 2025"]
[Site "Gran Canaria"]
[Date "2025.04.15"]
[Round "4.37"]
[White "Morell Rojas, Samuel"]
[Black "Castro Miguelez, Jose"]
[Result "1/2-1/2"]
[Annotator "NA RC"]
[ECO "B22"]
[WhiteElo "1652"]
[BlackElo "1846"]
[PlyCount "29"]
[EventDate "2025.04.13"]
[EventType "swiss"]
[EventCountry "ESP"]
[SourceTitle "playchess.com"]
[Source "ChessBase"]
[SourceQuality "1"]
[TimeControl "5400+30"]

1. e4 c5 2. c3 Nf6 3. e5 Nd5 4. d4 cxd4 5. cxd4 d6 6. Nf3 Nc6 7. Bc4 dxe5 8. dxe5 Be6 9. O-O Nc7 10. Bxe6 Nxe6 11. Qe2 g6 12. Rd1 Qb8 13. Nc3 Bg7 14. Nd5 O-O 15. Qe4 1/2-1/2

[Event "17th Memorial Lezcano Montalvo 2025"]
[Site "Gran Canaria"]
[Date "2025.04.15"]
[Round "4.38"]
[White "De La Cruz Perez, Carlos"]
[Black "Alonso Galvez, Ana Belen"]
[Result "1-0"]
[Annotator "NA RC"]
[ECO "E01"]
[WhiteElo "1835"]
[BlackElo "1554"]
[PlyCount "87"]
[EventDate "2025.04.13"]
[EventType "swiss"]
[EventCountry "ESP"]
[SourceTitle "playchess.com"]
[Source "ChessBase"]
[SourceQuality "1"]
[TimeControl "5400+30"]

1. Nf3 d5 2. d4 e6 3. c4 Nf6 4. g3 c6 5. Bg2 Bb4+ 6. Bd2 Qa5 7. O-O Ne4 8. Qc2 Nxd2 9. Nbxd2 Nd7 10. e4 O-O 11. a3 Be7 12. Rfe1 b5 13. cxd5 cxd5 14. exd5 Nf6 15. dxe6 Bxe6 16. Ng5 Rac8 17. Qd1 Qb6 18. Nxe6 fxe6 19. Qb3 Qxd4 20. Qxe6+ Kh8 21. Nf3 Qxb2 22. Qxe7 Rfe8 23. Qb4 Rxe1+ 24. Rxe1 Qa2 25. h3 a6 26. Qe7 h6 27. Qe6 Qxe6 28. Rxe6 a5 29. Ra6 a4 30. Rb6 Rc3 31. Rxb5 Rxa3 32. Ra5 Ra1+ 33. Bf1 Ne4 34. Kg2 Ra2 35. Ra8+ Kh7 36. Bd3 Rxf2+ 37. Kg1 Ra2 38. Bxe4+ g6 39. Ra7+ Kh8 40. Bxg6 a3 41. Nh4 Ra1+ 42. Kg2 Kg8 43. Nf5 Ra2+ 44. Kf3 1-0

[Event "17th Memorial Lezcano Montalvo 2025"]
[Site "Gran Canaria"]
[Date "2025.04.15"]
[Round "4.39"]
[White "Trocoli Romero, Luis Dingyu"]
[Black "Schmitz, Manuela"]
[Result "1/2-1/2"]
[Annotator "NA RC"]
[ECO "E18"]
[WhiteElo "1599"]
[BlackElo "1815"]
[PlyCount "77"]
[EventDate "2025.04.13"]
[EventType "swiss"]
[EventCountry "ESP"]
[SourceTitle "playchess.com"]
[Source "ChessBase"]
[SourceQuality "1"]
[TimeControl "5400+30"]

1. d4 d5 2. Nf3 Nf6 3. c4 e6 4. g3 Be7 5. Bg2 O-O 6. O-O b6 7. Qc2 Bb7 8. Nc3 c5 9. Be3 Nbd7 10. Rfd1 Qc8 11. cxd5 Nxd5 12. Ng5 Bxg5 13. Bxg5 Nxc3 14. Qxc3 Bxg2 15. Kxg2 Qb7+ 16. f3 h6 17. Bf4 Rfd8 18. Rd2 g5 19. Be3 Nf6 20. Bf2 cxd4 21. Rxd4 Nd5 22. Qd2 Rd7 23. e4 Nf6 24. Rxd7 Qxd7 25. Qc3 Qe7 26. Bd4 Kg7 27. Rd1 Re8 28. f4 Kg6 29. Qf3 Rc8 30. f5+ Kg7 31. fxe6 fxe6 32. Rf1 Rf8 33. Be5 Kg6 34. Qd3 Rf7 35. Bd6 Qb7 36. Kg1 Kg7 37. Be5 Kg6 38. Bd6 Kg7 39. Be5 1/2-1/2

[Event "17th Memorial Lezcano Montalvo 2025"]
[Site "Gran Canaria"]
[Date "2025.04.15"]
[Round "4.41"]
[White "Barlov, Dragan"]
[Black "Valido Ramos, Adrian"]
[Result "1-0"]
[Annotator "RC"]
[ECO "B13"]
[WhiteElo "2351"]
[BlackElo "1667"]
[PlyCount "22"]
[EventDate "2025.04.13"]
[EventType "swiss"]
[EventCountry "ESP"]
[SourceTitle "playchess.com"]
[Source "ChessBase"]
[SourceQuality "1"]
[TimeControl "5400+30"]

1. e4 c6 2. d4 d5 3. exd5 cxd5 4. c4 Nf6 5. Nc3 Nbd7 6. Nf3 Nb6 7. c5 Nbd7 8. Bf4 g6 9. Nb5 e5 10. Nxe5 Qa5+ 11. b4 Qd8 1-0

[Event "17th Memorial Lezcano Montalvo 2025"]
[Site "Gran Canaria"]
[Date "2025.04.15"]
[Round "4.42"]
[White "Marrero Rodriguez, Jorge"]
[Black "Cabrera Martel, Isaac"]
[Result "0-1"]
[Annotator "RC"]
[ECO "A52"]
[WhiteElo "2251"]
[BlackElo "1655"]
[PlyCount "74"]
[EventDate "2025.04.13"]
[EventType "swiss"]
[EventCountry "ESP"]
[SourceTitle "playchess.com"]
[Source "ChessBase"]
[SourceQuality "1"]
[TimeControl "5400+30"]

1. d4 Nf6 2. c4 e5 3. dxe5 Ng4 4. e4 Nxe5 5. f4 Nec6 6. Nc3 Bc5 7. Nf3 d6 8. Na4 Bb4+ 9. Kf2 Bg4 10. a3 Ba5 11. b4 Bb6+ 12. Nxb6 axb6 13. Bb2 O-O 14. Bd3 Re8 15. h3 Bxf3 16. Qxf3 Nd7 17. h4 Nf6 18. g4 Qe7 19. Rae1 Nd7 20. g5 f6 21. Reg1 Rf8 22. Rg2 Nce5 23. Qe3 fxg5 24. Rxg5 Rxf4+ 25. Ke2 Raf8 26. Bc2 Qf7 27. Rg2 Rf1 28. Rhg1 Qh5+ 29. Kd2 Nxc4+ 30. Kd3 Nxb2+ 31. Kc3 Qe5+ 32. Kb3 R1f3 33. Rg3 Rxe3+ 34. Rxe3 b5 35. Rc3 Nc4 36. a4 Rf3 37. Bd3 Rxd3 0-1

[Event "17th Memorial Lezcano Montalvo 2025"]
[Site "Gran Canaria"]
[Date "2025.04.15"]
[Round "4.43"]
[White "Castellanos Gomez, Pascual"]
[Black "Brito Garcia, Alfredo"]
[Result "0-1"]
[Annotator "RC"]
[ECO "A41"]
[WhiteElo "1672"]
[BlackElo "2214"]
[PlyCount "88"]
[EventDate "2025.04.13"]
[EventType "swiss"]
[EventCountry "ESP"]
[SourceTitle "playchess.com"]
[Source "ChessBase"]
[SourceQuality "1"]
[TimeControl "5400+30"]

1. d4 d6 2. Bf4 Nd7 3. Nf3 g6 4. Nc3 Bg7 5. e4 c6 6. Qd2 e5 7. Be3 Ngf6 8. h3 O-O 9. Bh6 Qe7 10. Bxg7 Kxg7 11. O-O-O b5 12. Bd3 Nb6 13. Rhe1 b4 14. Nb1 a5 15. Qe3 Nfd7 16. Nbd2 a4 17. Nc4 Nxc4 18. Bxc4 Nb6 19. Bf1 Rb8 20. Nd2 Be6 21. Kb1 Rfc8 22. f4 f6 23. g4 Qf7 24. b3 axb3 25. cxb3 c5 26. dxe5 dxe5 27. f5 Bd7 28. Bc4 Qe7 29. Rf1 g5 30. Rh1 h6 31. h4 Rh8 32. Rh3 Bc6 33. Qf3 Rbd8 34. Qe2 Rd4 35. h5 Rhd8 36. Rd3 Qb7 37. Kc2 Nxc4 38. Rxd4 Na3+ 39. Kb2 cxd4 40. Rc1 Bb5 41. Nc4 d3 42. Qd2 Bxc4 43. bxc4 Rd4 44. Kb3 Nc2 0-1